General information
- name: BNet
- type: Ladder team game (AT/RT)
- host: Battle.net
- saver: JAKE-IS-KING
map: MarketSquare
- players: 8
- length: 38:28
- speed: Fast
- version: 1.28 W3XP
- replay type: Public
» download(208 KB)
Players
team 1 (winner)

»
WTFMYTEAMISNOOB (
green | 19 APM | 722 actions | 38:28)
1 Blademaster
1 Wind Walk
» actions
| Assign group hotkey | 5 | |
| Basic commands | 1 | |
| Build / train | 40 | |
| Enter build submenu | 14 | |
| Enter hero's abilities submenu | 1 | |
| Right click | 294 | |
| Select / deselect | 202 | |
| Select group hotkey | 130 | |
| Use ability | 35 | |
722 total
» units
| Peon | 9 | |
| Troll Batrider | 12 | |
| Shaman | 7 | |
| Wind Rider | 2 | |
30 total
» upgrades
| Ranged Weapons | 2 | |
| Armor | 1 | |
| Shaman Training | 2 | |
| Liquid Fire | 1 | |
6 total
» buildings
| Orc Burrow | 6 | |
| Altar of Storms | 1 | |
| War Mill | 1 | |
| Voodoo Lounge | 1 | |
| Stronghold | 1 | |
| Beastiary | 2 | |
| Spirit Lodge | 1 | |
| Fortress | 1 | |
14 total
» build order
00:24 Orc Burrow
00:38 Altar of Storms
03:00 War Mill
03:10 Orc Burrow
03:15 Voodoo Lounge
04:11 Stronghold
06:43 Beastiary
06:45 Beastiary
06:48 Spirit Lodge
07:07 Fortress
07:11 Orc Burrow
07:13 Orc Burrow
09:41 Orc Burrow
10:28 Orc Burrow
|GG| (
teal | 72 APM | 901 actions | 12:31)
2 Priestess of the Moon
1 Trueshot Aura
1 Scout
1 Keeper of the Grove
1 Entangling Roots
» actions
| Assign group hotkey | 65 | |
| Build / train | 54 | |
| ESC pressed | 4 | |
| Enter build submenu | 11 | |
| Enter hero's abilities submenu | 3 | |
| Give item / drop item | 1 | |
| Right click | 330 | |
| Select / deselect | 247 | |
| Select group hotkey | 144 | |
| Use ability | 42 | |
901 total
» units
| Wisp | 21 | |
| Archer | 15 | |
| Hippogryph | 5 | |
41 total
» upgrades
| Improved Bows | 1 | |
| Hippogryph Taming | 1 | |
2 total
» buildings
| Altar of Elders | 1 | |
| Moon Well | 7 | |
| Ancient of War | 1 | |
| Tree of Ages | 1 | |
| Ancient of Wind | 2 | |
| Tree of Eternity | 1 | |
13 total
» build order
00:18 Altar of Elders
00:32 Moon Well
01:14 Ancient of War
01:19 Moon Well
02:15 Tree of Ages
03:03 Moon Well
04:34 Moon Well
05:13 Moon Well
05:31 Moon Well
07:44 Ancient of Wind
08:20 Moon Well
09:23 Ancient of Wind
11:09 Tree of Eternity
» items
| Scroll of Speed | 1 | |
| Potion of Healing | 2 | |
3 total
Light_Speed (
yellow | 58 APM | 1735 actions | 30:09)
8 Blademaster
3 Critical Strike
3 Wind Walk
1 Bladestorm
1 Mirror Image
» actions
| Assign group hotkey | 11 | |
| Build / train | 122 | |
| Enter build submenu | 48 | |
| Enter hero's abilities submenu | 8 | |
| Give item / drop item | 2 | |
| Remove unit from queue | 4 | |
| Right click | 867 | |
| Select / deselect | 443 | |
| Select group hotkey | 144 | |
| Use ability | 86 | |
1735 total
» units
| Peon | 30 | |
| Wind Rider | 22 | |
| Hippogryph | 6 | |
| Chimaera | 7 | |
| Wisp | 4 | |
| Raider | 9 | |
78 total
» upgrades
| Spiked Barricades | 2 | |
| Ranged Weapons | 3 | |
| Armor | 3 | |
| Reinforced Defenses | 1 | |
| Envenomed Spears | 1 | |
| Corrosive Breath | 1 | |
| Strength of the Wild | 2 | |
| Reinforced Hides | 1 | |
| Melee Weapons | 1 | |
| Ensnare | 1 | |
16 total
» buildings
| Orc Burrow | 7 | |
| Altar of Storms | 1 | |
| War Mill | 1 | |
| Voodoo Lounge | 1 | |
| Stronghold | 1 | |
| Watch Tower | 22 | |
| Beastiary | 2 | |
| Great Hall | 1 | |
| Fortress | 1 | |
| Chimaera Roost | 3 | |
| Hunter's Hall | 2 | |
| Moon Well | 2 | |
| Ancient Protector | 4 | |
48 total
» build order
00:12 Orc Burrow
00:15 Altar of Storms
00:53 War Mill
01:25 Voodoo Lounge
02:20 Stronghold
02:39 Orc Burrow
03:45 Orc Burrow
04:47 Watch Tower
04:56 Beastiary
04:59 Beastiary
06:42 Watch Tower
07:43 Orc Burrow
10:06 Great Hall
10:14 Watch Tower
10:18 Watch Tower
10:44 Fortress
11:28 Watch Tower
11:34 Watch Tower
12:36 Orc Burrow
12:39 Watch Tower
14:05 Watch Tower
14:08 Watch Tower
16:20 Orc Burrow
19:54 Watch Tower
20:03 Watch Tower
20:24 Watch Tower
20:29 Watch Tower
21:52 Watch Tower
22:04 Orc Burrow
22:13 Watch Tower
23:05 Watch Tower
23:12 Watch Tower
23:16 Watch Tower
23:45 Chimaera Roost
23:49 Chimaera Roost
24:11 Watch Tower
24:26 Hunter's Hall
24:33 Chimaera Roost
24:35 Moon Well
26:10 Hunter's Hall
26:13 Ancient Protector
26:20 Ancient Protector
26:30 Watch Tower
26:35 Ancient Protector
27:06 Moon Well
27:17 Ancient Protector
28:15 Watch Tower
29:09 Watch Tower
» items
| Healing Salve | 4 | |
| Potion of Healing | 1 | |
| Scroll of Speed | 1 | |
| Boots of Speed | 1 | |
| Scroll of Town Portal | 3 | |
| Orb of Lightning | 1 | |
11 total
(^.^;;) (
blue | 53 APM | 2046 actions | 38:28)
7 Goblin Tinker
3 Pocket Factory
2 Engineering Upgrade
1 Robo-Goblin
1 Cluster Rockets
» actions
| Assign group hotkey | 86 | |
| Basic commands | 333 | |
| Build / train | 82 | |
| Enter build submenu | 43 | |
| Enter hero's abilities submenu | 7 | |
| Give item / drop item | 6 | |
| Remove unit from queue | 3 | |
| Right click | 657 | |
| Select / deselect | 430 | |
| Select group hotkey | 272 | |
| Use ability | 127 | |
2046 total
» units
| Peasant | 20 | |
| Footman | 4 | |
| Gryphon Rider | 4 | |
28 total
» upgrades
| Lumber Harvesting | 2 | |
| Masonry | 3 | |
| Swords | 3 | |
| Armor | 3 | |
| Animal War Training | 1 | |
| Storm Hammers | 1 | |
| Cloud | 1 | |
14 total
» buildings
| Altar of Kings | 1 | |
| Barracks | 1 | |
| Farm | 11 | |
| Scout Tower | 30 | |
| Arcane Tower | 2 | |
| Arcane Vault | 1 | |
| Keep | 1 | |
| Lumber Mill | 2 | |
| Town Hall | 1 | |
| Guard Tower | 6 | |
| Castle | 1 | |
| Gryphon Aviary | 3 | |
| Blacksmith | 2 | |
62 total
» build order
00:53 Altar of Kings
00:55 Barracks
00:58 Farm
01:00 Farm
01:08 Farm
01:09 Farm
02:09 Scout Tower
03:01 Arcane Tower
03:10 Arcane Vault
03:40 Keep
04:29 Lumber Mill
04:41 Town Hall
05:30 Scout Tower
05:31 Scout Tower
05:34 Scout Tower
05:35 Scout Tower
05:38 Scout Tower
06:02 Guard Tower
06:06 Guard Tower
07:06 Arcane Tower
07:09 Castle
08:30 Gryphon Aviary
08:30 Gryphon Aviary
08:31 Gryphon Aviary
08:34 Blacksmith
08:36 Blacksmith
08:38 Farm
11:21 Scout Tower
11:22 Scout Tower
11:23 Scout Tower
11:23 Scout Tower
12:30 Guard Tower
16:29 Scout Tower
16:29 Scout Tower
16:30 Scout Tower
16:30 Scout Tower
17:45 Lumber Mill
19:05 Farm
19:06 Farm
19:07 Farm
19:08 Farm
19:10 Farm
19:12 Farm
21:43 Guard Tower
23:15 Scout Tower
23:15 Scout Tower
23:16 Scout Tower
23:16 Scout Tower
23:17 Scout Tower
23:18 Scout Tower
23:18 Scout Tower
23:19 Scout Tower
23:19 Scout Tower
23:20 Scout Tower
23:20 Scout Tower
23:21 Scout Tower
23:21 Scout Tower
23:23 Scout Tower
23:24 Scout Tower
25:06 Guard Tower
25:09 Guard Tower
» items
| Scroll of Regeneration | 4 | |
| Mechanical Critter | 2 | |
| Potion of Healing | 1 | |
| Scroll of Town Portal | 1 | |
| Staff of Sanctuary | 1 | |
| Staff of Teleportation | 1 | |
| Periapt of Vitality | 2 | |
| Boots of Speed | 2 | |
| Orb of Lightning | 1 | |
| Healing Salve | 1 | |
| Scroll of Protection | 2 | |
| Scroll of Healing | 1 | |
19 total
team 2 (loser)

»
wolfblade3 (
pink | 54 APM | 927 actions | 17:02)
4 Pandaren Brewmaster
2 Breath of Fire
1 Drunken Haze
1 Drunken Brawler
2 Priestess of the Moon
2 Trueshot Aura
» actions
| Assign group hotkey | 15 | |
| Basic commands | 71 | |
| Build / train | 65 | |
| ESC pressed | 2 | |
| Enter build submenu | 29 | |
| Enter hero's abilities submenu | 6 | |
| Remove unit from queue | 1 | |
| Right click | 275 | |
| Select / deselect | 291 | |
| Select group hotkey | 96 | |
| Use ability | 76 | |
927 total
» units
| Wisp | 27 | |
| Archer | 7 | |
| Hippogryph | 3 | |
| Dryad | 4 | |
| Huntress | 1 | |
| Chimaera | 2 | |
44 total
» upgrades
| Abolish Magic | 1 | |
| Nature's Blessing | 2 | |
3 total
» buildings
| Moon Well | 7 | |
| Altar of Elders | 1 | |
| Ancient of War | 1 | |
| Tree of Ages | 1 | |
| Hunter's Hall | 1 | |
| Ancient of Wonders | 1 | |
| Tree of Life | 3 | |
| Ancient Protector | 10 | |
| Tree of Eternity | 1 | |
| Ancient of Lore | 1 | |
| Ancient of Wind | 1 | |
| Chimaera Roost | 2 | |
30 total
» build order
00:23 Moon Well
00:36 Altar of Elders
00:56 Ancient of War
01:16 Moon Well
03:00 Moon Well
03:44 Tree of Ages
04:19 Hunter's Hall
04:34 Ancient of Wonders
05:10 Tree of Life
05:40 Moon Well
07:22 Ancient Protector
07:29 Tree of Eternity
07:32 Ancient of Lore
07:34 Ancient of Wind
09:49 Ancient Protector
10:17 Chimaera Roost
10:20 Chimaera Roost
11:27 Moon Well
11:30 Moon Well
11:34 Ancient Protector
11:36 Ancient Protector
11:38 Ancient Protector
12:32 Tree of Life
12:40 Ancient Protector
12:41 Ancient Protector
12:43 Ancient Protector
12:54 Moon Well
14:40 Ancient Protector
14:42 Ancient Protector
16:16 Tree of Life
» items
| Scroll of Town Portal | 2 | |
| Potion of Healing | 1 | |
| Potion of Mana | 1 | |
| Staff of Preservation | 1 | |
| Lesser Clarity Potion | 1 | |
6 total

»
Hillary.Clinton (
red | 63 APM | 1015 actions | 15:59)
2 Blademaster
1 Wind Walk
1 Critical Strike
» actions
| Build / train | 70 | |
| Enter build submenu | 26 | |
| Enter hero's abilities submenu | 2 | |
| Right click | 610 | |
| Select / deselect | 242 | |
| Use ability | 65 | |
1015 total
» units
» upgrades
| Pillage | 1 | |
| Melee Weapons | 1 | |
| Armor | 1 | |
| Spiked Barricades | 1 | |
| Shaman Training | 2 | |
| Berserker Strength | 1 | |
| Witch Doctor Training | 1 | |
| Reinforced Defenses | 1 | |
9 total
» buildings
| Altar of Storms | 1 | |
| Orc Burrow | 6 | |
| Barracks | 2 | |
| Voodoo Lounge | 2 | |
| War Mill | 2 | |
| Watch Tower | 10 | |
| Stronghold | 1 | |
| Great Hall | 1 | |
| Fortress | 2 | |
| Spirit Lodge | 2 | |
29 total
» build order
00:55 Altar of Storms
00:57 Orc Burrow
01:04 Barracks
01:11 Voodoo Lounge
02:04 War Mill
02:15 Orc Burrow
03:17 Watch Tower
03:21 Watch Tower
03:52 Watch Tower
05:40 Stronghold
07:27 Great Hall
07:31 Watch Tower
07:33 Watch Tower
07:36 Watch Tower
07:47 Orc Burrow
07:49 Orc Burrow
07:53 Orc Burrow
08:32 War Mill
08:36 Watch Tower
09:02 Voodoo Lounge
09:34 Watch Tower
10:27 Fortress
10:28 Fortress
10:32 Spirit Lodge
10:43 Watch Tower
11:12 Spirit Lodge
11:17 Barracks
12:36 Orc Burrow
13:32 Watch Tower
» items
| Healing Salve | 1 | |
| Lesser Clarity Potion | 2 | |
| Scroll of Speed | 2 | |
| Scroll of Town Portal | 1 | |
| Orb of Lightning | 1 | |
7 total
Drril (
orange | 169 APM | 2892 actions | 17:05)
5 Blademaster
3 Wind Walk
2 Critical Strike
3 Tauren Chieftain
2 Endurance Aura
1 War Stomp
1 Shadow Hunter
1 Hex
» actions
| Assign group hotkey | 303 | |
| Basic commands | 12 | |
| Build / train | 66 | |
| Enter build submenu | 23 | |
| Enter hero's abilities submenu | 10 | |
| Right click | 1379 | |
| Select / deselect | 330 | |
| Select group hotkey | 706 | |
| Use ability | 63 | |
2892 total
» units
| Peon | 15 | |
| Grunt | 5 | |
| Troll Headhunter/Berserker | 9 | |
| Troll Batrider | 3 | |
32 total
» upgrades
| Armor | 1 | |
| Ranged Weapons | 1 | |
| Reinforced Defenses | 1 | |
| Berserker Upgrade | 1 | |
4 total
» buildings
| Altar of Storms | 1 | |
| Orc Burrow | 6 | |
| Barracks | 1 | |
| Voodoo Lounge | 1 | |
| War Mill | 1 | |
| Stronghold | 1 | |
| Watch Tower | 5 | |
| Fortress | 1 | |
| Beastiary | 5 | |
22 total
» build order
00:09 Altar of Storms
00:20 Orc Burrow
00:35 Barracks
01:34 Orc Burrow
01:50 Voodoo Lounge
03:15 War Mill
04:07 Stronghold
04:49 Watch Tower
04:51 Orc Burrow
05:30 Watch Tower
06:53 Orc Burrow
07:30 Fortress
07:44 Watch Tower
09:40 Orc Burrow
12:53 Watch Tower
12:55 Watch Tower
13:57 Beastiary
14:14 Beastiary
14:17 Beastiary
14:22 Beastiary
14:39 Beastiary
14:50 Orc Burrow
» items
| Healing Salve | 6 | |
| Lesser Clarity Potion | 5 | |
| Orb of Lightning | 1 | |
12 total
JAKE-IS-KING (
purple | 62 APM | 2377 actions | 38:28)
10 Blademaster
3 Wind Walk
3 Critical Strike
1 Bladestorm
3 Mirror Image
1 Pandaren Brewmaster
1 Breath of Fire
» actions
| Assign group hotkey | 70 | |
| Basic commands | 36 | |
| Build / train | 96 | |
| Enter build submenu | 37 | |
| Enter hero's abilities submenu | 12 | |
| Give item / drop item | 7 | |
| Remove unit from queue | 1 | |
| Right click | 955 | |
| Select / deselect | 382 | |
| Select group hotkey | 518 | |
| Use ability | 263 | |
2377 total
» units
| Peon | 22 | |
| Wind Rider | 7 | |
| Shaman | 4 | |
| Troll Batrider | 18 | |
| Raider | 3 | |
54 total
» upgrades
| Reinforced Defenses | 1 | |
| Ranged Weapons | 3 | |
| Armor | 1 | |
| Envenomed Spears | 1 | |
| Liquid Fire | 2 | |
| Witch Doctor Training | 1 | |
| Ensnare | 1 | |
10 total
» buildings
| Altar of Storms | 1 | |
| Orc Burrow | 6 | |
| War Mill | 1 | |
| Voodoo Lounge | 1 | |
| Watch Tower | 48 | |
| Stronghold | 2 | |
| Beastiary | 6 | |
| Fortress | 2 | |
| Great Hall | 4 | |
71 total
» build order
00:08 Altar of Storms
00:17 Orc Burrow
00:46 War Mill
01:17 Voodoo Lounge
01:59 Watch Tower
02:17 Watch Tower
02:47 Watch Tower
03:19 Stronghold
03:19 Stronghold
03:35 Watch Tower
03:39 Orc Burrow
03:40 Orc Burrow
04:40 Watch Tower
04:41 Watch Tower
05:49 Beastiary
05:51 Beastiary
06:15 Fortress
06:15 Fortress
06:34 Orc Burrow
08:24 Great Hall
08:26 Watch Tower
08:26 Watch Tower
08:40 Watch Tower
09:41 Watch Tower
11:17 Beastiary
11:20 Orc Burrow
11:21 Orc Burrow
11:45 Watch Tower
11:58 Watch Tower
12:30 Watch Tower
14:05 Watch Tower
14:05 Watch Tower
14:06 Watch Tower
16:15 Watch Tower
16:15 Watch Tower
16:16 Watch Tower
16:16 Watch Tower
16:34 Watch Tower
16:35 Watch Tower
16:35 Watch Tower
17:44 Watch Tower
17:45 Watch Tower
17:45 Watch Tower
17:53 Watch Tower
17:54 Watch Tower
17:54 Watch Tower
17:55 Watch Tower
17:56 Watch Tower
17:57 Watch Tower
17:57 Watch Tower
17:57 Watch Tower
17:58 Watch Tower
17:58 Watch Tower
20:30 Watch Tower
20:40 Watch Tower
20:41 Watch Tower
20:41 Watch Tower
20:41 Watch Tower
20:49 Watch Tower
20:49 Watch Tower
24:43 Watch Tower
28:45 Watch Tower
28:45 Watch Tower
28:46 Watch Tower
28:46 Watch Tower
29:21 Beastiary
29:22 Beastiary
29:22 Beastiary
30:51 Great Hall
31:36 Great Hall
31:38 Great Hall
» items
| Healing Salve | 3 | |
| Lesser Clarity Potion | 1 | |
| Staff of Teleportation | 1 | |
| Scroll of Town Portal | 5 | |
| Orb of Lightning | 1 | |
| Potion of Lesser Invulnerability | 2 | |
13 total
Chat log
(00:10 / Allies) Hillary.Clinton: units
(00:29 / All) (^.^;;): You're lucky I'm not in charge of your investigation, red
(00:32 / All) (^.^;;): Cuz you'd be in jail
(00:41 / All) wolfblade3: ?lol
(00:43 / All) Hillary.Clinton: frigg off
(00:47 / Allies) wolfblade3: archer hypp dryad chim
(00:56 / Allies) JAKE-IS-KING: wyvern
(01:03 / Allies) JAKE-IS-KING: someone get melee
(01:09 / All) |GG|: we have a fag boy trump supporter here
(01:14 / All) Hillary.Clinton: loll
(01:17 / All) Hillary.Clinton: agreed
(01:28 / All) (^.^;;): the single biggest predicator of voting for ShillDawg is soy consumption
(01:31 / All) JAKE-IS-KING: pretty sure half of 4s players are trump supporters
(01:42 / All) Hillary.Clinton: buncha bums
(01:45 / Allies) Hillary.Clinton: lets harass
(01:49 / Allies) Hillary.Clinton: tower up
(01:51 / Allies) Hillary.Clinton: and get units
(01:56 / Allies) Hillary.Clinton: just inc ase htey rsh
(05:12 / Allies) JAKE-IS-KING: wood
(05:27 / Allies) Hillary.Clinton: purple
(05:29 / Allies) Hillary.Clinton: u shoudlve
(05:30 / Allies) Hillary.Clinton: fought iwth us
(06:07 / Allies) JAKE-IS-KING: if all 3 of us get aa im gonna be pissed
(06:14 / Allies) Hillary.Clinton: i got melee
(07:08 / Allies) wolfblade3: fuck off purple
(08:55 / Allies) Hillary.Clinton: stop
(08:56 / Allies) JAKE-IS-KING: stop faggot
(08:56 / Allies) Hillary.Clinton: hitting purp
(09:26 / Allies) wolfblade3: stfu
(10:21 / Allies) JAKE-IS-KING: gogo
(10:25 / Allies) JAKE-IS-KING: stay red
(10:57 / Allies) Hillary.Clinton: good job
(11:27 / Allies) JAKE-IS-KING: wood plz
(12:20 / All) (^.^;;): he did it when I started towering heavily lol
(12:37 / All) Hillary.Clinton: GG
(12:44 / Allies) JAKE-IS-KING: wood plz
(12:50 / All) (^.^;;): wtf?
(13:06 / Allies) JAKE-IS-KING: wood plz
(13:12 / All) (^.^;;): I asked for lumber too
(13:14 / All) (^.^;;): faggot has 1k
(13:19 / Allies) Hillary.Clinton: lmaoo
(13:34 / Allies) JAKE-IS-KING: wood
(13:38 / Allies) Hillary.Clinton: dont have
(14:02 / Allies) Hillary.Clinton: wheres the aa
(14:03 / Allies) Hillary.Clinton: wtf
(14:05 / Allies) Hillary.Clinton: theyre all getting air
(14:07 / Allies) Drril: serioaslyh
(14:09 / Allies) Drril: wher the fuck
(14:18 / Allies) Hillary.Clinton: we need bats
(14:31 / Allies) Hillary.Clinton: get bats
(14:47 / Allies) JAKE-IS-KING: im tking pink
(14:49 / Allies) JAKE-IS-KING: for being a faggot
(14:50 / Allies) Hillary.Clinton: wow
(14:53 / Allies) Hillary.Clinton: are u srs wtf
(14:58 / Allies) Drril: he didnt do anything
(15:04 / Allies) wolfblade3: stop gfaggot
(15:05 / Allies) Hillary.Clinton: guys calm dow
(15:06 / Allies) wolfblade3: we can win this
(15:07 / Allies) Hillary.Clinton: lets just play
(15:44 / Allies) wolfblade3: wtf are u doing faggot
(15:44 / Allies) JAKE-IS-KING: suck my dick
(15:45 / Allies) JAKE-IS-KING: pihnk
(15:48 / Allies) JAKE-IS-KING: for tking over item
(15:52 / All) Hillary.Clinton: GG purple is a fucking ugly homo
(15:56 / All) Hillary.Clinton: that cries over an item ugly white virgin
(16:02 / Allies) wolfblade3: YEAH U FUCKING PRICK
(16:08 / All) (^.^;;): lol
(16:09 / Allies) wolfblade3: u are creepjacking
(16:10 / All) (^.^;;): mad beaner
(16:13 / Allies) wolfblade3: stupide piece of fuck
(16:21 / All) JAKE-IS-KING: suck my dick wolf blade
(16:43 / Allies) wolfblade3: i will tk you every single game for fucking item and exp stealing
(16:50 / Allies) wolfblade3: stupid piece of fuck
(25:16 / All) JAKE-IS-KING: teh fuck is ur team doing lawl
(30:33 / All) JAKE-IS-KING: gay game. i had to tk tho my team was way strong
(30:49 / All) (^.^;;): green is retarded
(32:11 / All) JAKE-IS-KING: pink is that player we had trouble with mk pally rifles
(32:23 / All) JAKE-IS-KING: he started tking my bm when i got tome of power
(32:28 / All) (^.^;;): lalw
(33:51 / All) (^.^;;): kill teal's walking buildings
(33:57 / All) (^.^;;): I'm pretty sure green is controlling them lawl
(34:03 / All) (^.^;;): I don't remember sending them there
(34:10 / All) JAKE-IS-KING: my bm died from orc spikes
(34:17 / All) (^.^;;): lawl
(34:54 / All) JAKE-IS-KING: tinker vs bm duel at leat?
(35:08 / All) (^.^;;): k top shop
(35:13 / All) JAKE-IS-KING: middle
(35:26 / All) (^.^;;): top shop
(36:21 / All) JAKE-IS-KING: did u cast invisible?
(36:57 / All) (^.^;;): tinker not good duelist lawl
(37:08 / All) JAKE-IS-KING: screw wolf blade
(37:09 / All) JAKE-IS-KING: i hat ehim
(37:19 / All) (^.^;;): want to give him loss?
(37:28 / All) JAKE-IS-KING: yea . green dont care
(37:41 / All) (^.^;;): what level was your bm
(37:49 / All) (^.^;;): when dueled
(37:49 / All) JAKE-IS-KING: 10 now, 9 at duel
(37:55 / All) (^.^;;): unfair
(37:58 / All) (^.^;;): plus invul pot
(38:08 / All) (^.^;;): unfair duel
(38:13 / All) JAKE-IS-KING: kill my shit then lets redo
(38:22 / All) (^.^;;): you can just leave lawl